Map: Coda LE (Void)

Players

Alicization - Winner!

  • Race: Zerg Zerg

Bop

  • Race: Zerg Zerg

VOD

Have the link to the VOD?

Description

Time

  • Played on: May 2, 2015, 1:45 a.m.
  • Length: 7:41
Show
View Real Time Build Order
Export as new Build Order

Alicization Zerg - Winner!

Build Orders: Hatch First 

Get SALT Encoding   

  12  0:01  Drone  
  13  0:13  Overlord  
  13  0:18  Drone  
  14  0:31  Drone  
  14  0:32  Drone  
  16  0:37  Drone  
  17  0:46  Drone  
  18  0:57  Hatchery  
  18  1:01  Drone  
  18  1:14  Spawning Pool  
  17  1:19  Drone  
  17  1:23  Drone  
  19  1:29  Overlord  
  19  1:40  Drone  
  20  1:52  Drone  
  21  2:00  Queen  
  23  2:02  Overlord  
  23  2:09  Queen  
  23  2:10  Drone  
  26  2:18  Drone  
  27  2:24  Drone x2  
  27  2:28  Extractor  
  27  2:29  Extractor  
  27  2:35  Zergling x2  
  28  2:37  Drone, Queen  
  31  2:44  Queen  
  31  2:51  Drone x2  
  35  2:59  Drone x2  
  37  3:09  Drone x4  
  37  3:10  Drone x2  
  43  3:15  Overlord  
  43  3:23  Hatchery  
  42  3:30  Metabolic Boost  
  41  3:39  Zergling x8  
  45  3:46  Lair  
  45  3:52  Roach Warren  
  45  3:53  Evolution Chamber  
  43  3:57  Drone x3  
  46  4:04  Drone x2  
  46  4:05  Drone  
  49  4:13  Overlord  
  49  4:26  Zerg Missile Weapons Level 1  
  49  4:28  Drone x2  
  49  4:29  Drone, Overlord, Extractor  
  51  4:37  Drone  
  51  4:38  Drone x6  
  58  4:48  Overseer  
  58  4:55  Roach x5  
  58  4:56  Glial Reconstitution  
  68  5:06  Overlord  
  68  5:16  Overlord  
  68  5:21  Drone x2, Extractor  
  69  5:23  Drone  
  69  5:27  Evolution Chamber  
  69  5:30  Overlord  
  70  5:35  Drone x3  
  70  5:41  Roach x9  
  90  5:53  Drone x3  
  90  5:55  Overlord  
  93  5:57  Overlord  
  93  6:04  Overlord  
  92  6:15  Roach x3  
  92  6:16  Roach  
  92  6:17  Roach x3  
  106  6:25  Overlord  
  106  6:26  Roach x2  
  106  6:27  Roach x2  
  114  6:39  Overseer x2  
  113  6:41  Overlord x2  
  111  6:52  Roach  
  111  6:53  Roach x4  
  121  6:54  Overlord x2, Pneumatized Carapace  
  105  7:15  Roach  
  105  7:16  Roach x8  
  105  7:18  Overlord  
  105  7:20  Hatchery  
  120  7:27  Extractor  
  120  7:28  Drone  
  120  7:29  Drone x2  
Show
View Real Time Build Order
Export as new Build Order

Bop Zerg 

Build Orders: Hatch First, Lurkers 

Get SALT Encoding   

  12  0:00  Drone  
  13  0:10  Drone  
  14  0:18  Overlord  
  14  0:25  Drone, Extractor  
  14  0:27  Extractor  
  13  0:30  Drone  
  16  0:37  Drone  
  17  0:44  Drone  
  18  0:57  Hatchery  
  17  1:09  Drone  
  17  1:10  Extractor  
  17  1:16  Spawning Pool  
  16  1:21  Drone  
  16  1:24  Drone  
  18  1:35  Drone  
  19  1:46  Drone  
  20  1:53  Drone  
  21  1:59  Drone  
  22  2:08  Queen  
  22  2:09  Zergling x2, Queen  
  22  2:10  Metabolic Boost  
  27  2:25  Overlord  
  27  2:28  Drone  
  28  2:42  Baneling Nest  
  28  2:44  Drone x5  
  32  2:53  Overlord  
  32  3:07  Drone x3  
  35  3:14  Zergling x2  
  36  3:20  Drone x8  
  43  3:43  Lair  
  43  3:44  Overlord x2  
  43  3:49  Queen  
  43  3:50  Extractor  
  43  3:51  Extractor  
  43  3:55  Drone  
  44  3:59  Baneling x2  
  44  4:05  Extractor  
  43  4:10  Drone  
  43  4:11  Drone x2  
  43  4:12  Drone x2  
  43  4:16  Zergling x6  
  43  4:17  Zergling x4  
  53  4:31  Overlord x2  
  53  4:39  Drone x5  
  58  4:45  Hydralisk Den  
  57  4:56  Drone x3  
  57  4:59  Evolution Chamber  
  59  5:01  Lurker Den  
  59  5:07  Overlord x2  
  59  5:16  Hatchery, Hydralisk x5  
  68  5:27  Zerg Melee Weapons Level 1  
  68  5:33  Overseer  
  68  5:35  Hydralisk x4  
  76  5:43  Overlord  
  76  5:59  Hydralisk x4  
  76  6:01  Overlord x2  
  84  6:05  Overlord  
  84  6:15  Overlord  
  84  6:29  Lurker x5  
  84  6:31  Drone x9  
  98  6:38  Overlord x2  
  98  6:40  Lurker  
  86  6:54  Drone x4  
  86  6:55  Drone x5  
  86  6:56  Extractor  
  86  6:58  Extractor  
  86  6:59  Infestation Pit  
  92  7:06  Hydralisk x3  
  86  7:14  Hydralisk  
  86  7:15  Hydralisk  
Tags
 
Add a new tag
Caveats
  • Supply blocks, unpowered buildings, or Contaminate may cause inaccurate times.
  • Supply counts are checked every 10 seconds.